 Dungeon Crawl Stone Soup version 0.28-a0-206-gc2c9e32840 (webtiles) character file.

Game seed: 16505502486645689251

181 bande the Covered (level 5, 0/33 HPs)
             Began as a Gargoyle Fighter on Aug 20, 2021.
             Blown up by Ijyb (2 damage)
             ... with a mindburst bolt
             ... on level 2 of the Dungeon.
             The game lasted 00:05:04 (2467 turns).

bande the Covered (Gargoyle Fighter)                Turns: 2467, Time: 00:05:05

Health: 0/33       AC: 14    Str: 19    XL:     5   Next: 61%
Magic:  5/5        EV:  5    Int:  9    God:
Gold:   81         SH:  8    Dex: 10    Spells: 4/4 levels left

rFire   . . .      SeeInvis .   f - +1 hand axe (vamp)
rCold   . . .      Faith    .   c - +0 kite shield
rNeg    + . .      Spirit   .   m - +0 chain mail
rPois   ∞          Reflect  .   (no helmet)
rElec   +          Harm     .   (no cloak)
rCorr   .          Rampage  .   (no gloves)
Will    .....                   k - +0 pair of boots
Stlth   ..........              (no amulet)
HPRegen 0.11/turn               (no ring)
MPRegen 0.09/turn               (no ring)

@: mighty
A: sickness immunity, AC +4, negative energy resistance 1, electricity
resistance, torment resistance 1, petrification resistance
a: no special abilities


You were on level 2 of the Dungeon.
You visited 1 branch of the dungeon, and saw 3 of its levels.

You collected 81 gold pieces.

Inventory:

Hand Weapons
 a - a +0 war axe
 f - a +1 vampiric hand axe (weapon)
Armour
 c - a +0 kite shield (worn)
 k - a +0 pair of boots (worn)
 m - a +0 chain mail (worn)
Jewellery
 i - a ring of flight
Scrolls
 e - a scroll of identify
Potions
 h - a potion of degeneration {unknown}
 j - a potion of heal wounds {unknown}
 l - a potion of brilliance {unknown}


   Skills:
 + Level 3.7 Fighting
 + Level 3.2 Axes
 + Level 4.7 Armour
 + Level 0.2 Dodging
 + Level 4.2 Shields


You had 4 spell levels left.
You didn't know any spells.
Your spell library contained the following spells:

 Spells                   Type           Power      Damage    Failure   Level
 Corpse Rot               Necr/Air       N/A        N/A       100%        2
 Dispel Undead            Necr           0%         3d6       100%        4
 Death Channel            Necr           0%         N/A       100%        6


Dungeon Overview and Level Annotations

Branches:
Dungeon (3/15)

Altars:

Annotations:
D:2 Ijyb


Innate Abilities, Weirdness & Mutations

You are immune to sickness and miasma.
Your stone body is resilient. (AC +4)
You are immune to poison.
You resist negative energy. (rN+)
You are resistant to electric shocks. (rElec)
You are resistant to unholy torment.
You are immune to petrification.


Message History

You hit the goblin but do no damage. You hit the goblin.
You kill the goblin!
The goblin hits you but does no damage. x2
You slash the goblin!
You kill the goblin!
No target in view!
No target in view!
No target in view!
No target in view!
No target in view!
No target in view!
Things that are here:
a +0 club; a +0 club; a goblin corpse
There is a stone staircase leading down here.
You climb downwards.
Level annotation: Ijyb Ijyb screams, "I no like you!"
There is a stone staircase leading up here.
Ijyb zaps a wand.
Your mind is blasted!
Ouch! That really hurt!
* * * LOW HITPOINT WARNING * * *
You climb upwards.
There is a stone staircase leading down here.
You are too injured to fight recklessly!
You are too injured to fight recklessly!
You feel better. Ijyb hits you with a +0 club.
* * * LOW HITPOINT WARNING * * *
You feel better. You block Ijyb's attack.
You feel very mighty all of a sudden. Ijyb hits you but does no damage.
You closely miss Ijyb. You block Ijyb's attack.
You barely miss Ijyb. Ijyb hits you with a +0 club.
* * * LOW HITPOINT WARNING * * *
You hit Ijyb.
You feel better.
Ijyb is moderately wounded.
Ijyb screams, "Die!"
Ijyb zaps a wand.
Your mind is blasted!
* * * LOW HITPOINT WARNING * * *
Ijyb zaps a wand.
Your mind is blasted!
You die...

#............# #.#
#............###.#
#.........#......#
#.........########
#.........#.....#
#.........#.#####
###........<..#
######......##.#)######.
...............g@......#
##.###......############
#.# #......#
##.###......#
#....#......#
#....#......#
#....#......#
#....######## #....#


You could see Ijyb.

Vanquished Creatures
  A scorpion (D:2)
  Jessica (D:2)
  An adder (D:2)
  4 gnolls
  A worm (D:2)
  5 ball pythons
  2 endoplasms (D:1)
  2 giant cockroaches
  7 goblins
  3 hobgoblins (D:1)
  3 jackals (D:1)
  2 kobolds (D:2)
  A quokka (D:1)
  2 bats (D:2)
  2 frilled lizards (D:1)
  5 rats
42 creatures vanquished.

Notes
Turn   | Place    | Note
-------+----------+-------------------------------------------
     0 | D:1      | bande the Gargoyle Fighter began the quest for the Orb.
     0 | D:1      | Reached XP level 1. HP: 14/14 MP: 1/1
   230 | D:1      | Reached XP level 2. HP: 14/19 MP: 2/2
   732 | D:1      | Reached XP level 3. HP: 23/23 MP: 3/3
  1486 | D:2      | Noticed Jessica
  1497 | D:2      | Killed Jessica
  1498 | D:2      | Reached XP level 4. HP: 19/28 MP: 4/4
  1661 | D:2      | You fall into a shaft and drop 1 floor!
  1672 | D:3      | Noticed a scorpion
  1688 | D:2      | Killed a scorpion
  1689 | D:2      | Reached XP level 5. HP: 33/33 MP: 5/5
  2273 | D:3      | Noticed Ijyb
  2467 | D:2      | Blown up by Ijyb

Illustrated notes

Levels and vault maps discovered:
D:1:      dpeg_arrival_shrine, layout_loops_ring
D:2:      minmay_wonky_spiral, layout_basic, st_stairs_6, roderic_lattice_a,
          uniq_jessica
D:3:      kennysheep_goblin_castle, layout_basic,
          shapermc_ecumenical_altar_mp_highgroup, uniq_ijyb

Skill      XL: |  1  2  3  4 |
---------------+-------------+-----
Axes           | 2 3 |  3.2
Armour         | 4 |  4.7
Shields        | 4 |  4.2
Fighting       | |  3.7
Dodging        | |  0.2

Action                   |  1- 3 |  4- 6 || total
-------------------------+-------+-------++-------
Melee: War axe           |    18 |       ||    18
       Hand axe          |   100 |    50 ||   150
  Use: Scroll            |     3 |       ||     3
       Potion            |       |     3 ||     3
Armor: Scale mail        |    76 |       ||    76
       Chain mail        |       |    68 ||    68
Dodge: Dodged            |    42 |    15 ||    57
Block: Kite shield       |    42 |    50 ||    92

Table legend: (Time is in decaauts)
 A = Elapsed time spent in this place.
 B = Non-inter-level travel time spent in this place.
 C = Inter-level travel time spent in this place.
 D = Time resting spent in this place.
 E = Time spent auto-exploring this place.
 F = Levels seen in this place.
 G = Mean time per level.
                   A        B        C        D        E       F      G
               +--------+--------+--------+--------+--------+-----+--------+
         Total |   2547 |   2469 |     78 |    709 |   1303 |   3 |  849.0 |
       Dungeon |   2547 |   2469 |     78 |    709 |   1303 |   3 |  849.0 |
               +--------+--------+--------+--------+--------+-----+--------+

Top non-repeatable levels by time:
     D:2: 1432 daAuts
     D:1: 958 daAuts
     D:3: 156 daAuts
